 Dungeon Crawl Stone Soup version 0.26.0-10-g1f06aea511 (webtiles) character file.

Game seed: 5572523097373827600

0 Goblin1989 the Sneak (level 1, -6/18 HPs)
             Began as a Demonspawn Delver on Jan 23, 2021.
             Mangled by a bullfrog skeleton (7 damage)
             ... on level 4 of the Dungeon.
             The game lasted 00:01:17 (95 turns).

Goblin1989 the Sneak (Demonspawn Delver)              Turns: 95, Time: 00:01:18

Health: -6/18      AC:  3    Str: 12    XL:     1   Next: 8%
Magic:  1/1        EV: 12    Int: 11    God:
Gold:   17         SH:  0    Dex: 14    Spells: 0/0 levels left

rFire    . . .     SeeInvis .   a - +0 hand axe
rCold    . . .     Faith    .   (no shield)
rNeg     . . .     Spirit   .   b - +0 leather armour
rPois    .         Reflect  .   (no helmet)
rElec    .         Harm     .   (no cloak)
rCorr    .         Rampage  .   (no gloves)
Will     .....                  (no boots)
Stlth    ++........             (no amulet)
HPRegen  0.06/turn              (no ring)
MPRegen  0.07/turn              (no ring)

@: hasted, very quick
A: no striking features
a: no special abilities


You were on level 4 of the Dungeon.
You visited 1 branch of the dungeon, and saw 2 of its levels.

You collected 17 gold pieces.

Inventory:

Hand Weapons
 a - a +0 hand axe (weapon)
Armour
 b - a +0 leather armour (worn)
Wands
 g - a wand of digging (3) {@v1}
Scrolls
 c - a scroll of fog
 e - a scroll of fear
 M - a scroll of magic mapping
 N - a scroll of identify {unknown}


   Skills:
 - Level 3.0 Fighting
 + Level 1.8 Axes
 - Level 1.7 Dodging
 - Level 4.5 Stealth


You couldn't memorise any spells.
You didn't know any spells.
Your spell library was empty.

Dungeon Overview and Level Annotations

Branches:
Dungeon (5/15)
 Temple: D:4-7

Altars:


Message History

You become a guardian mummy!
Welcome, Goblin1989 the Demonspawn Delver.
Will you be the one to retrieve the legendary Orb of Zot from the depths?
Press ? for a list of commands and other information.
Found a stone staircase leading down.
Found a stone staircase leading down.
You open the door. As you open the door, it creaks loudly!
You open the door.
Found 8 gold pieces.
There is an open door here.
You now have 8 gold pieces.
You open the door.
Found 9 gold pieces.
There is an open door here.
You now have 17 gold pieces (gained 9).
You open the door. You open the door.
There is an open door here.
You open the door.
Found a stone staircase leading up.
There is an open door here.
There is a stone staircase leading up here.
You climb upwards.
Found a scroll labelled WAPNEY KUEGG.
Found an escape hatch in the floor.
There is a stone staircase leading down here.
N - a scroll labelled WAPNEY KUEGG 2 skeletons come into view.
Found a shimmering robe.
There is an escape hatch in the floor here.
There is a stone staircase leading down here.
You hit the quokka skeleton.
The quokka skeleton is lightly damaged.
The quokka skeleton closely misses you.
The quokka skeleton bites you but does no damage.
You hit the quokka skeleton but do no damage.
The quokka skeleton is lightly damaged.
The quokka skeleton bites you but does no damage.
You hit the quokka skeleton.
The quokka skeleton is heavily damaged.
The quokka skeleton misses you.
You hit the quokka skeleton.
You destroy the quokka skeleton!
The helpless bullfrog skeleton fails to defend itself.
You hit the bullfrog skeleton.
The bullfrog skeleton is lightly damaged.
The bullfrog skeleton hits you. x2
You take 5 damage, and have 13/18 hp.
MASSIVE DAMAGE!!
You slash the bullfrog skeleton!
The bullfrog skeleton is moderately damaged.
The bullfrog skeleton hits you. x2
* * * LOW HITPOINT WARNING * * *
You take 8 damage, and have 5/18 hp.
MASSIVE DAMAGE!!
You hit the bullfrog skeleton.
The bullfrog skeleton is heavily damaged.
The bullfrog skeleton barely misses you.
You hit the bullfrog skeleton.
The bullfrog skeleton is heavily damaged.
The bullfrog skeleton barely misses you.
The bullfrog skeleton hits you.
* * * LOW HITPOINT WARNING * * *
You take 4 damage, and have 1/18 hp.
MASSIVE DAMAGE!!
You feel yourself speed up. The bullfrog skeleton hits you!
You die...

█.>█ █.█ ......
█..█ █.█ ......
█..█ █.█ ......
█..███.███......
█.........[.....
█..███.........
█..........███
█..>.......█
█.......@Z.█
........█████████
██████.██ █.█ █.█
█.█ █.█ █.


You could see a bullfrog skeleton.

Vanquished Creatures
  A quokka skeleton (D:4)
1 creature vanquished.

Notes
Turn   | Place    | Note
-------+----------+-------------------------------------------
     0 | D:5      | Goblin1989 the Demonspawn Delver began the quest for the
                  | Orb.
     0 | D:5      | Reached XP level 1. HP: 18/18 MP: 1/1
    95 | D:4      | Mangled by a bullfrog skeleton

Illustrated notes

Levels and vault maps discovered:
D:4:      kb_forest_paths, layout_basic, uniq_natasha
D:5:      layout_gridville, kennysheep_generic_room_2

Action                   || total
-------------------------++-------
Melee: Hand axe          ||     8
  Use: Potion            ||     1
 Stab: Sleeping          ||     1
Armor: Leather armour    ||     2
Dodge: Dodged            ||     4
